 Dungeon Crawl Stone Soup version 0.18.1-5-g4a78601 (webtiles) character file.

776 Quirk the Skirmisher (level 7, -4/56 HPs)
             Began as a Demonspawn Gladiator on May 13, 2016.
             Slain by a sky beast (5 damage)
             ... on level 5 of the Dungeon.
             The game lasted 00:10:57 (5040 turns).

Quirk the Skirmisher (Demonspawn Gladiator)         Turns: 5040, Time: 00:10:58

Health: -4/56      AC:  9    Str: 17    XL:     7   Next: 54%
Magic:  16/16      EV:  9    Int:  9    God:
Gold:   177        SH:  0    Dex: 14    Spells: 0 memorised, 6 levels left

rFire  . . .     SeeInvis .     a - +1 war axe
rCold  + . .     Gourm    .     B - +0 chain mail (curse)
rNeg   . . .     Faith    .     (no shield)
rPois  .         Spirit   .     (helmet restricted)
rElec  .         Dismiss  .     (no cloak)
rCorr  .         Reflect  .     (no gloves)
SustAt .         Harm     .     (no boots)
MR     .....                    (no amulet)
Stlth  ..........               (no ring)
                                e - ring of magical power

@: not resistant to hostile enchantments, extremely unstealthy
A: antennae 2, rugged brown scales 1, cold resistance 1, powered by pain 1
a: no special abilities


You were on level 5 of the Dungeon.
You were hungry.

You visited 1 branch of the dungeon, and saw 5 of its levels.

You collected 177 gold pieces.

Inventory:

Hand Weapons
 a - a +1 war axe (weapon)
 c - a cursed -1 flail
 d - a +2 dire flail of protection
Missiles
 v - a throwing net (quivered)
Armour
 b - a +0 leather armour
 o - a +2 leather armour of poison resistance
 u - a +1 robe of fire resistance
 B - a cursed +0 chain mail (worn)
Jewellery
 e - a ring of magical power (left hand)
Wands
 r - a wand of slowing (29/48)
 x - a wand of lightning (10/15)
 y - a wand of lightning (1/15)
Scrolls
 h - 2 scrolls of identify
 j - a scroll of teleportation
 m - a scroll of fog
Potions
 g - a potion of cure mutation {unknown}
 k - 2 potions of berserk rage {unknown}
 l - 2 potions of degeneration {unknown}
 n - 2 potions of agility
 p - a potion of curing
 q - a potion of mutation {unknown}
 s - a potion of flight {unknown}
 t - a potion of magic {unknown}
 z - a potion of ambrosia {unknown}
 A - a potion of heal wounds {unknown}
Comestibles
 f - 4 bread rations
 i - a meat ration


   Skills:
 * Level 4.7 Fighting
 + Level 4.0 Axes
 + Level 3.1 Throwing
 + Level 2.3 Armour
 * Level 4.7 Dodging
 + Level 1.8 Stealth


You had 6 spell levels left.
You didn't know any spells.

Dungeon Overview and Level Annotations

Branches:
Dungeon (5/15)
 Temple: D:4-7

Altars:
Ashenzari
Fedhas
Pakellas
Vehumet
Xom
Zin


Innate Abilities, Weirdness & Mutations

You have a pair of antennae on your head.
You are partially covered in rugged brown scales (AC +1, +3% HP).
Your flesh is cold resistant.
You sometimes gain a little power by taking damage.


Message History

The sky beast hits you but does no damage.
The sky beast barely misses you.
You slash the sky beast!
The sky beast is almost dead.
The sky beast hits you but does no damage.
You hit the sky beast but do no damage.
The sky beast is almost dead.
The sky beast hits you but does no damage.
You hit the sky beast but do no damage.
The sky beast is almost dead.
The sky beast hits you.
* * * LOW HITPOINT WARNING * * *
The sky beast shocks you.
* * * LOW HITPOINT WARNING * * *
The sky beast flickers out of sight!
Deactivating autopickup; reactivate with Ctrl-A.
Something hits you.
* * * LOW HITPOINT WARNING * * *
Something shocks you.
You die...

#...............#
#...............+
#.>.............#
#...............#
##..##.##..##..###+#
#####.##..##..##..##.
#........^........
#.................
#.........@.......
##.######{.##?.###
#+# #..# # ...# ....+
######


There were no monsters in sight!

Vanquished Creatures
  Sigmund (D:3)
  Edmund (D:5)
  An ogre (D:4)
  2 howler monkeys (D:4)
  An orc priest (D:4)
  2 iguanas (D:4)
  Terence (D:1)
  An orc wizard (D:4)
  A worker ant (D:4)
  A howler monkey skeleton (D:4)
  5 adders
  3 gnolls (D:4)
  An ooze (D:3)
  2 worms
  3 dart slugs
  4 orcs
  6 giant cockroaches
  12 goblins
  11 hobgoblins
  5 jackals
  7 kobolds
  2 quokkas
  3 ball pythons
  5 bats
  A giant gecko skeleton (D:4)
  6 giant newts
  5 rats
93 creatures vanquished.

Vanquished Creatures (others)
  An iguana (D:4)
1 creature vanquished.

Grand Total: 94 creatures vanquished

Notes
Turn   | Place    | Note
--------------------------------------------------------------
     0 | D:1      | Quirk the Demonspawn Gladiator began the quest for the Orb.
     0 | D:1      | Reached XP level 1. HP: 16/16 MP: 1/1
   229 | D:1      | Gained mutation: You sometimes gain a little power by taking damage. [demonic ancestry]
   229 | D:1      | Reached XP level 2. HP: 23/23 MP: 2/2
   927 | D:2      | Gained mutation: Your flesh is cold resistant. [demonic ancestry]
   927 | D:2      | Reached XP level 3. HP: 7/28 MP: 3/3
  1620 | D:2      | Noticed Terence
  1786 | D:1      | Killed Terence
  1786 | D:1      | Reached skill level 1 in Armour
  1786 | D:1      | Gained mutation: You are partially covered in rugged brown scales (AC +1, +3% HP). [demonic ancestry]
  1786 | D:1      | Reached XP level 4. HP: 17/35 MP: 4/4
  2371 | D:3      | Noticed Sigmund
  2384 | D:3      | Killed Sigmund
  2384 | D:3      | Gained mutation: You have a pair of small antennae on your head. [demonic ancestry]
  2384 | D:3      | Reached XP level 5. HP: 20/43 MP: 5/5
  2384 | D:3      | Reached XP level 6. HP: 22/49 MP: 6/6
  2719 | D:3      | Noticed an angel
  2720 | D:3      | Found a glowing silver altar of Zin.
  2721 | D:3      | Found a shimmering altar of Xom.
  3145 | D:4      | Found an oddly glowing altar of Pakellas.
  3145 | D:4      | Noticed an orange crystal statue
  3624 | D:4      | HP: 2/49 [orc wizard/puff of flame (14)]
  3946 | D:4      | Reached skill level 1 in Stealth
  4247 | D:4      | Gained mutation: You have a pair of antennae on your head. [demonic ancestry]
  4247 | D:4      | Reached XP level 7. HP: 53/56 MP: 7/7
  4759 | D:5      | Entered Level 5 of the Dungeon
  4759 | D:5      | Found a blossoming altar of Fedhas.
  4760 | D:5      | Found a radiant altar of Vehumet.
  4762 | D:5      | Found a shattered altar of Ashenzari.
  4762 | D:5      | Noticed Edmund
  4787 | D:5      | Killed Edmund
  5040 | D:5      | HP: 2/56 [sky beast (6)]
  5040 | D:5      | Slain by a sky beast

Skill      XL: |  1  2  3  4  5  6  7 |
---------------+----------------------+-----
Axes           | 3 4 |  4.0
Dodging        | 3 4 |  4.7
Armour         | 1 2 |  2.3
Throwing       | 2 3 |  3.1
Fighting       | 3 4 |  4.7
Stealth        | 1 |  1.8

Action                   |  1- 3 |  4- 6 |  7- 9 || total
-------------------------+-------+-------+-------++-------
Melee: War axe           |   136 |   188 |    83 ||   407
Throw: Throwing net      |       |     2 |     1 ||     3
Evoke: Wand              |       |     3 |       ||     3
  Use: Scroll            |       |    10 |       ||    10
       Potion            |       |     3 |       ||     3
 Stab: Sleeping          |       |     1 |       ||     1
  Eat: Chunk             |     2 |     4 |     2 ||     8
       Meat ration       |       |     1 |       ||     1
Armor: Leather armour    |    31 |    14 |       ||    45
       Chain mail        |       |    48 |    56 ||   104
       Robe              |       |     7 |       ||     7
Dodge: Dodged            |   142 |   129 |    42 ||   313
